Cogmind - Beta 15 @@@ ROGUE MODE // 2025.09.12 @ 14:21:49 Player: shapeshifter Result: Destroyed by KZ-DSN(R) with Subdweller Machine Gun Performance ------------- Evolutions (0) 0 Regions Visited (3) 600 Robots Destroyed (29) 145 Value Destroyed (776) 776 Prototype IDs (1) 20 Alien Tech Used (0) 0 Bonus (0) 0 TOTAL SCORE: 1541 Bonus ------- None Cogmind --------- Core Integrity 0/250 Matter 270/300 Energy 100/100 System Corruption 0% Temperature Cool (0) Movement Rolling (160) Ox5 Location -10/Subcaves Parts ------- > --- POWER (1) -------- (None) > --- PROPULSION (2) --- Subdweller Monowheel Subdweller Monowheel > --- UTILITY (2) ------ Humpback > --- WEAPON (2) ------- Subdweller Machine Gun Barrage Gun > --- INVENTORY (35) --- Light Ion Engine Subdweller Power Source Light Treads Spiked Treads Makeshift Leg Subdweller Monowheel Makeshift Flight Unit Makeshift Hacking Suite Subdweller Laser Battle Rifle Subdweller Machine Gun Makeshift Hammer SUBCON Basin (Full) Peak State ------------ > --- POWER ------------ Makeshift Power Source > --- PROPULSION ------- Compact Wheel Subdweller Monowheel > --- UTILITY ---------- Humpback > --- WEAPON ----------- Makeshift Laser Advanced Beam Cannon > --- INVENTORY -------- Light Ion Engine Subdweller Power Source Makeshift Power Source Light Treads Spiked Treads Makeshift Leg Makeshift Flight Unit Makeshift Hacking Suite Subdweller Laser Subdweller Machine Gun Barrage Gun Barrage Gun Makeshift Hammer SUBCON Basin [Rating: 37] Favorites ----------- Power Light Ion Engine Engine Light Ion Engine Propulsion Light Treads Treads Light Treads Wheel Subdweller Monowheel Utility Small Storage Unit Device Seismic Detector Storage Small Storage Unit Weapon Advanced Beam Cannon Energy Gun Makeshift Laser Energy Cannon Advanced Beam Cannon Ballistic Gun Barrage Gun Build | -11 -10 -10 -10 ------- Run | Yrd Mat Min Sub Slots Evolved . | . . . . Power . | . . . . Propulsion . | . . . . Utility . | . . . . Weapon . | . . . . Parts Attached 26 | 7 2 1 16 Power 4 | 1 . 1 2 Engine 4 | 1 . 1 2 Core . | . . . . Reactor . | . . . . Propulsion 9 | 2 . . 7 Treads 4 | 2 . . 2 Leg . | . . . . Wheel 5 | . . . 5 Hover . | . . . . Flight . | . . . . Utility 4 | 2 . . 2 Device 2 | 1 . . 1 Storage 2 | 1 . . 1 Processor . | . . . . Hackware . | . . . . Protection . | . . . . Artifact . | . . . . Weapon 9 | 2 2 . 5 Energy Gun 1 | . . . 1 Energy Cannon 3 | . 2 . 1 Ballistic Gun 5 | 2 . . 3 Ballistic Cannon . | . . . . Launcher . | . . . . Special Weapon . | . . . . Impact Weapon . | . . . . Slashing Weapon . | . . . . Piercing Weapon . | . . . . Special Melee Weapon . | . . . . Unidentified Prototypes 1 | . 1 . . Parts Lost 10 | . . . 10 Power 3 | . . . 3 Propulsion 1 | . . . 1 Utility 1 | . . . 1 Weapon 5 | . . . 5 Highest Loss Streak 2 | . . . 2 To Critical Strikes . | . . . . Average Backups 9 | 2 6 8 10 Power . | . 1 . 1 Propulsion 4 | 1 3 5 4 Utility . | . 1 1 . Weapon 3 | . . 1 3 Tool/Special . | . . . . Unused Backups 17 | . 3 . 14 Power 2 | . . . 2 Propulsion 8 | . 1 . 7 Utility 3 | . 2 . 1 Weapon 4 | . . . 4 Tool/Special . | . . . . Average Slot Usage (%) 87 | . 100 100 83 Engine 9 | . 14 14 8 Treads 14 | . 28 28 9 Wheel 13 | . . . 17 Device 7 | . 14 14 5 Storage 14 | . 14 14 14 Energy Gun 1 | . . . 2 Energy Cannon 18 | . 3 28 18 Ballistic Gun 7 | . 24 . 7 Peak Build Rating 37 | 7 12 12 37 Average Rating 18 | 5 7 12 21 On Entrance 7 | . 7 12 12 Naked Turns . | . . . . Heaviest Build 212 | 13 17 17 212 Greatest Support 40 | 40 40 40 40 Greatest Overweight (x) 68 | . . . 68 Average Overweight (x) 2 | . . . 3 Largest Inventory Capacity 35 | 8 8 8 35 Average Capacity 19 | 7 8 8 23 Most Carried 29 | 4 8 8 29 Average Carried 13 | 2 6 8 15 Final Capacity 35 | 8 8 8 35 Final Carried 27 | 3 8 8 27 Class Distribution -------------------- 57% | Mutant 42% | Hauler-Mutant Dominant Class ---------------- Mutant | -10/Materials Mutant | -10/Mines Hauler-Mutant | -10/Subcaves Resources | -11 -10 -10 -10 ----------- Run | Yrd Mat Min Sub Matter Collected 741 | 316 119 30 276 Remotely . | . . . . Salvage Created 954 | 74 122 . 758 Parts 59 | 4 10 . 45 Haulers Intercepted . | . . . . Recyclers Shooed . | . . . . Parts Field Recycled . | . . . . Retrieved Matter . | . . . . Parts Self-Destructed 31 | . . . 31 Prevented . | . . . . Kills | -11 -10 -10 -10 ------- Run | Yrd Mat Min Sub Combat Hostiles Destroyed 25 | . 5 . 20 Guns 15 | . 5 . 10 Cannons 9 | . . . 9 Classes Destroyed 7 | 2 2 . 3 Tunneler 1 | 1 . . . Recycler 1 | 1 . . . Turret 2 | . . . 2 Swarmer 10 | . 3 . 7 Grunt 2 | . 2 . . Sentry 1 | . . . 1 Subdweller 12 | . . . 12 Best Kill Streak 3 | 1 3 . 3 Combat Bots Only 3 | . 3 . 3 Max Kills in Single Turn 1 | 1 1 . 1 Gunslinging . | . . . . Exploded . | . . . . Melee . | . . . . Uniques/NPCs Destroyed . | . . . . Combat | -11 -10 -10 -10 -------- Run | Yrd Mat Min Sub Hostile Shots Fired 184 | . 39 . 145 Missed 52 | . 10 . 42 Hits 132 | . 29 . 103 Projectile 132 | . 29 . 103 Critical Strikes 3 | . 1 . 2 Damage Taken 1816 | . 239 . 1577 Core 259 | . 44 . 215 Absorbed by Shields . | . . . . Core Remaining (%) 100 | 100 . . . Volleys Fired 104 | 12 15 . 77 Largest 2 | 2 2 . 2 Hottest 136 | 40 40 . 136 Shots Fired 205 | 24 30 . 151 Gun 109 | 24 30 . 55 Cannon 96 | . . . 96 Launcher . | . . . . Special . | . . . . Kinetic 98 | 24 30 . 44 Thermal 107 | . . . 107 Explosive . | . . . . Electromagnetic . | . . . . Robot Hit Streak 16 | 6 7 . 16 Robot Miss Streak 3 | 3 3 . 3 Penetration Max . | . . . . Secondary Targets 2 | . 1 . 1 Max Gunslinging Chain 1 | . 1 . 1 Shots Hit Robots 136 | 15 18 . 103 Core Hits 43 | 3 7 . 33 Critical Kills 1 | . . . 1 Critical Parts Destroyed . | . . . . Critical Strikes 2 | . . . 2 Meltdown 1 | . . . 1 Destroy 1 | . . . 1 Melee Attacks . | . . . . Impact . | . . . . Slashing . | . . . . Piercing . | . . . . Sneak Attacks . | . . . . Combat Hostiles . | . . . . Follow-up Attacks . | . . . . Damage Inflicted 2463 | 214 261 . 1988 Guns 1050 | 214 261 . 575 Cannons 1413 | . . . 1413 Explosions . | . . . . Melee . | . . . . Ramming . | . . . . Kinetic 910 | 214 261 . 435 Thermal 1553 | . . . 1553 Explosive . | . . . . Electromagnetic . | . . . . Impact . | . . . . Slashing . | . . . . Piercing . | . . . . Highest Corruption . | . . . . Average Corruption . | . . . . Corruption Purged . | . . . . Corruption Blocked . | . . . . Overload Shots . | . . . . Overflow Damage 1 | . . . 1 Projectiles 1 | . . . 1 Explosions . | . . . . Melee . | . . . . Knockbacks . | . . . . Impact . | . . . . Kinetic . | . . . . Secondary . | . . . . Self-Inflicted Damage . | . . . . Shots . | . . . . Rammed . | . . . . Targets Rammed . | . . . . Kicked . | . . . . Crushed . | . . . . Highest Temperature 228 | . 5 . 228 Average Temperature 69 | . 5 . 70 Received Heat Transfer 336 | . 42 . 294 Siege Activations . | . . . . Martial Activations . | . . . . Shielding Activations . | . . . . Robots Disrupted . | . . . . Combat Hostiles . | . . . . Robots Corrupted . | . . . . Combat Hostiles . | . . . . Parts Fried . | . . . . Impact Corruptions . | . . . . Robots Melted 1 | . . . 1 Combat Hostiles 1 | . . . 1 Parts Melted 4 | . . . 4 Heat Transferred 2849 | . . . 2849 Parts Sabotaged . | . . . . Parts Stolen . | . . . . Parts Stripped . | . . . . Power Chain Reactions . | . . . . Alert | -11 -10 -10 -10 ------- Run | Yrd Mat Min Sub Maximum Alert Level . | . . . . Low Security (%) 100 | 100 100 100 . Level 1 . | . . . . Level 2 . | . . . . Level 3 . | . . . . Level 4 . | . . . . Level 5 . | . . . . High Security . | . . . . Max Security . | . . . . Peak Influence 95 | 5 95 25 . Initial 25 | . . 25 . Average 10 | 1 42 1 . Influence Increases 430 | 10 135 . 285 Destroy 0b10 Robot/C 300 | . 100 . 200 Destroy 0b10 Robot/NC 10 | 10 . . . Destroy Leader 30 | . 20 . 10 Disable Machine 15 | . 15 . . Lose Combat Pursuer 75 | . . . 75 Influence Decreases 377 | 10 70 65 232 Entered New Map 40 | . . 40 . Time Decay 327 | 10 70 25 222 Lost Part 10 | . . . 10 Squads Dispatched 2 | . 2 . . Investigation . | . . . . Extermination . | . . . . Reinforcement 2 | . 2 . . Assault . | . . . . Garrison . | . . . . Intercept . | . . . . Searches Triggered . | . . . . Construction Impeded . | . . . . Haulers Reinforced . | . . . . Active Scanning Responses . | . . . . Cargo Convoy Interrupts . | . . . . Stealth | -11 -10 -10 -10 --------- Run | Yrd Mat Min Sub Distress Signals 1 | . 1 . . Communications Jammed . | . . . . Distress Signals . | . . . . Times Spotted 38 | . 9 . 29 Peak Tracking Total 6 | . 4 . 6 Tactical Retreats 4 | . . . 4 Traps | -11 -10 -10 -10 ------- Run | Yrd Mat Min Sub Traps Triggered 1 | . . . 1 Indirectly . | . . . . Trap Hack Attempts . | . . . . Triggered . | . . . . Disarmed . | . . . . Reprogrammed . | . . . . Reused . | . . . . Traps Extracted . | . . . . Installed . | . . . . Triggered . | . . . . Machines | -11 -10 -10 -10 ---------- Run | Yrd Mat Min Sub Machines Disabled 2 | . 1 . 1 Max in Single Turn 1 | . 1 . 1 Machines Repaired . | . . . . Machines Dismantled . | . . . . Machines Sabotaged . | . . . . Overloaded Fab Kills . | . . . . Hacking | -11 -10 -10 -10 --------- Run | Yrd Mat Min Sub Machines Accessed 3 | . 1 . 2 Terminals 1 | . 1 . . Fabricators . | . . . . Repair Stations . | . . . . Recycling Units . | . . . . Scanalyzers . | . . . . Garrison Access . | . . . . Total Hacks 4 | . 2 . 2 Successful 4 | . 2 . 2 Failed . | . . . . Catastrophic . | . . . . Database Lockouts . | . . . . Manual 2 | . 2 . . Terminals 2 | . 2 . . Fabricators . | . . . . Repair Stations . | . . . . Recycling Units . | . . . . Scanalyzers . | . . . . Garrison Access . | . . . . Terminal Hacks 2 | . . . 2 Open Door 1 | . . . 1 Release Object 1 | . . . 1 Fabricator Hacks . | . . . . Repair Station Hacks . | . . . . Recycling Unit Hacks . | . . . . Scanalyzer . | . . . . Garrison Access Hacks . | . . . . Unauthorized Hacks 2 | . 2 . . Terminals 2 | . 2 . . Botnet 1 | . 1 . . Skim 1 | . 1 . . Fabricators . | . . . . Repair Stations . | . . . . Recycling Units . | . . . . Scanalyzers . | . . . . Garrison Access . | . . . . Data Cores Recovered . | . . . . Used . | . . . . Hacking Detections . | . . . . Full Trace Events . | . . . . Feedback Events . | . . . . Feedback Blocked . | . . . . Robot Schematics Acquired . | . . . . Robots Built . | . . . . Authchips . | . . . . Time . | . . . . Total Robot Build Rating . | . . . . Part Schematics Acquired . | . . . . Parts Built . | . . . . Authchips . | . . . . Time . | . . . . Total Part Build Rating . | . . . . Parts Repaired . | . . . . Time . | . . . . Parts Recycled . | . . . . Recycled Matter . | . . . . Retrieved Matter . | . . . . Retrieved Components . | . . . . Parts Scanalyzed . | . . . . Part Schematics Acquired . | . . . . Parts Damaged . | . . . . Bothacking | -11 -10 -10 -10 ------------ Run | Yrd Mat Min Sub Used RIF Installer . | . . . . Robots Hacked . | . . . . Non-combat . | . . . . Combat . | . . . . Robot Hacks Applied . | . . . . Relay Couplers Released . | . . . . Fabnet Peak Effective % . | . . . . Robots Rewired . | . . . . Allies Hacked . | . . . . Hacks Repelled . | . . . . Allies | -11 -10 -10 -10 -------- Run | Yrd Mat Min Sub Total Allies . | . . . . Largest Group . | . . . . Highest-Rated Group . | . . . . Highest-Rated Ally . | . . . . Total Orders . | . . . . Ally Attacks . | . . . . Total Damage . | . . . . Kills . | . . . . Allies Corrupted . | . . . . Allies Melted . | . . . . Intel | -11 -10 -10 -10 ------- Run | Yrd Mat Min Sub Active Infowar (turns) 1442 | 20 188 500 734 Seismic 1442 | 20 188 500 734 Robot Analysis Total . | . . . . Derelict Logs Recovered 2 | . . . 2 Drone Launches . | . . . . Drone Recoveries . | . . . . Exploration | -11 -10 -10 -10 ------------- Run | Yrd Mat Min Sub Turns Passed 3131 | 135 188 500 2308 Spaces Moved 1646 | 58 81 294 1213 Core 11 | 9 . . 2 Treads 827 | 49 81 294 403 Legs . | . . . . Wheels 808 | . . . 808 Hover . | . . . . Flight . | . . . . Fastest Speed 50 | 50 160 160 100 Average Speed 162 | 142 160 160 164 Slowest Speed 3450 | 160 160 160 3450 Overloaded Moves . | . . . . Propulsion Burnouts . | . . . . Robots Hopped . | . . . . Potential Cave-ins . | . . . . Cave-ins Triggered . | . . . . Exploration Rate (%) 41 | 4 20 67 73 Regions Visited 3 Branch Regions 2 Pre-discovered Areas 1 | . . 1 . Known Exits Taken . | . . . . Unknown Exits Taken 3 | 1 1 1 . Scrap Searched 10 | . . 1 9 Spaces Dug . | . . . . Terrain Destroyed . | . . . . Melee . | . . . . Projectile . | . . . . AOE . | . . . . Terrain Rammed . | . . . . Walls Destroyed . | . . . . Machines Disabled . | . . . . Actions | -11 -10 -10 -10 --------- Run | Yrd Mat Min Sub Total 1907 | 86 112 324 1385 Wait 68 | . 1 28 39 Move 1643 | 57 80 293 1213 Hop . | . . . . Pick Up 45 | 10 9 1 25 Fast Attach 4 | . 1 . 3 Attach 20 | 7 1 . 12 Detach 1 | . . . 1 Swap 3 | . . 1 2 Drop 19 | . 5 1 13 Fire 104 | 12 15 . 77 Melee . | . . . . Ram . | . . . . Kick . | . . . . Crush . | . . . . Escape Stasis . | . . . . Rewire . | . . . . Trap . | . . . . Miscellaneous . | . . . . Route ------- -11/Scrapyard -10/Materials -10/Mines (discovered 2 exits: [*Mat] / *Sub) -10/Subcaves (discovered 3 exits: [*Mat x2] / [*Rec]) History --------- Turn | Location | Event 5 | -11/Scrapyard | Discovered new exit (range 15) 136 | -11/Scrapyard | Entered Materials 280 | -10/Materials | Discovered new exit (range 16) 324 | -10/Materials | Entered Mines 326 | -10/Mines | Build established: Mutant 412 | -10/Mines | A weapon hastily lodged in a ceiling crevice suddenly fell to the ground 494 | -10/Mines | Discovered new exit (range 9) 500 | -10/Mines | Learned location of Storage (-9) 815 | -10/Mines | Discovered new exit (range 4) 824 | -10/Mines | Entered Subcaves 880 | -10/Subcaves | Discovered new exit (range 16) 938 | -10/Subcaves | A swath of the cavern ceiling suddenly collapsed 976 | -10/Subcaves | Discovered new exit (range 13) 1975 | -10/Subcaves | Discovered new exit (range 10) 2001 | -10/Subcaves | Core integrity fell below 50% 2087 | -10/Subcaves | Build established: Hauler-Mutant 2284 | -10/Subcaves | Found SUBCON Basin 2367 | -10/Subcaves | Core integrity fell below 20% 2629 | -10/Subcaves | Learned Materials garrison access intel 3132 | -10/Subcaves | Destroyed by KZ-DSN(R) with Subdweller Machine Gun Last Messages --------------- 02710_ Barrage Gun destroyed. 02714_ S-10 Pest destroyed. 02714_ Switching to secondary target: S-10 Pest. 02717_ S-10 Pest destroyed. 02723_ Flight Unit fries itself beyond repair. 02726_ Lgt. Ion Engine fries itself beyond repair. 02726_ Acquired 17 matter. 02728_ Lgt. Assault Rifle fries itself beyond repair. 02729_ Lgt. Ion Engine fries itself beyond repair. 02826_ Acquired 12 matter. 02848_ Acquired 8 matter. 02948_ S-10 Pest destroyed. 02951_ Acquired 6 matter. 02955_ Lgt. Assault Rifle fries itself beyond repair. 02964_ Lgt. Ion Engine fries itself beyond repair. 02976_ S-10 Pest destroyed. 02982_ Acquired 12 matter. 02986_ Flight Unit fries itself beyond repair. 03086_ L6-OEJ(u) tweaks Twisted Machinery. 03124_ KZ-DSN(R): "MADSUB!" Map ----- +----------------------------------------------------+ | | | | | ?????????????????????????????????????????????????? | | ?????????????????????????????????????????????????? | | ?????????????????????????????????????????????????? | | ?????????????????????????????????????????????????? | | ?????????????????????????????????????????????????? | | ?????????????????????????????????????????????????? | | ?????????????????????????????????????????????????? | | ?????????????????????????????????????????????????? | | ?????????????????????????????????????????????????? | | ?????????????????????????????????????????????????? | | ?????????????????????????????????????????????????? | | ?????????????????????????????????????????????????? | | ?????????????????????????????????????????????????? | | ?????????????????????????????????????????????????? | | ???????????????????????????####??????????????????? | | ????????????????????????#### "##?????????????????? | | ????????????????????????# "" #?????????????????? | | ????????????????????????#" "" ######????????????? | | ?????????????????????????# " # ######???????? | | ????????????????????????##"" #####???? | | ????????????????????????#"" """ #### ##??? | | ????????????????????????#" "### #??## #??? | | ????????????????????????## ##?###???#### #??? | | ????????????????????????#@"#???????????### #??? | | ????????????????????????# "#?????????????# ##??? | | ????????????????????????# #????????????## "#???? | | ????????????????????????## #??????????### #???? | | ????????????????????????# #????##???## #???? | | ????????????????????????##R#??## #?### ##???? | | ????????????????????????# #?# ### # ##????? | | ????????????????????????# # # """"" #?????? | | ????????????????????????## " " #?????? | | ????????????????????##???# ?## " ### ##????? | | ?????????????????#### #??###??# " ??## #????? | | ????????????????? #??????# ""???# #????? | | ?????????????????? #?????# ? ???## ##????? | | ???????????????????? #????# ##?#??## "##?????? | | ?????????????????????# ???## #???## "#??????? | | ##???????????????????# #### #???#""" ##?????? | | "#????????????????????# # #####"" #?????? | | %#?????????????????????# # #""" ##?????? | | ##???###???????????????# "" ###??????? | | ##??## #???????????????# ##????????? | | #?## ##??????????????## # ## ## #?????????? | | ### ##??????????###### ######### #?????????? | | ## ##?####????# #?# #???????## #????????? | | % ### ##??## ###* #????????# #???????? | | % # ##?# ##% #????????#####???????? | +----------------------------------------------------+ Best States ------------- Heat Dissipation 25 Coolant Potential 50 Energy Generation 15 Energy Capacity 170 Matter Stores 300 Matter Capacity 300 Sight Range 16 Terrain Scan Density 10 Evasion (%) 40 Recoil Reduction 2 Item Schematics ----------------- None Robot Schematics ------------------ None Fabricated ------------ Nothing Repaired ---------- Nothing Alien Tech Used ----------------- None Achievements -------------- None Challenges ------------ None Game ------ Seed FusionJammingSink Manual? 0 Play Time 00:11:55 Cumulative 282.6 hours Start 2025.09.12 @ 14:11:37 End 2025.09.12 @ 14:21:49 Sessions 1 Manual Loads 0 Difficulty Rogue Special Mode None Game No. 406 Rogue 406 Adventurer 0 Explorer 0 Win Type - Total 8 Types 5/0/1/2/0/0/0/0/0/0 Lore% 83 Gallery% 80 Achievement% 62 Wizard Run 0 Options --------- Layout 0 ASCII 0 Keyboard 0 Movement Mouse Keybinds 0 Fullscreen 1 Font 24/Smallcaps Map View 76x50 Zoom Use 0% Tactical HUD 1 Map Filters NONE Filters NONE Steam 1 RUN: d1efdceb-3856-4a0e-bbde-a2829f502366